 Dungeon Crawl Stone Soup version bcrawl-1.19.2-6-g6a88ae04c9 (webtiles) character file.

Game seed: 8213976833020325565

7829 Mrkan the Basher (level 11, -7/69 HPs)
             Began as a Gargoyle Fighter on Dec 31, 2019.
             Was a Priest of Nemelex Xobeh.
             Mangled by a six-headed hydra (9 damage)
             ... on level 8 of the Dungeon.
             The game lasted 00:16:22 (10140 turns).

Mrkan the Basher (Gargoyle Fighter)                Turns: 10140, Time: 00:16:23

Health: -7/69      AC: 23    Str: 20    XL:     11   Next: 21%
Magic:  15/15      EV:  5    Int: 12    God:    Nemelex Xobeh [***...]
Gold:   826        SH: 12    Dex: 12    Spells: 10/10 levels left

rFire    + . .     SeeInvis +   E - +0 morningstar
rCold    . . .     Gourm    .   c - +1 shield
rNeg     + . .     Faith    +   i - +0 plate armour
rPois    ∞         Spirit   .   (no helmet)
rElec    +         Reflect  .   d - +0 cloak
rCorr    .         Harm     .   (no gloves)
MR       .....                  (no boots)
Stlth    ..........             n - amulet of faith
HPRegen  0.21/turn              l - ring of protection from fire
MPRegen  0.14/turn              y - ring "Ixtel" {Int+3 SInv}

@: no status effects
A: negative energy resistance 1, electricity resistance, unbreathing,
petrification resistance, rot immunity, AC +8
a: Draw Escape, Draw Destruction, Draw Summoning, Triple Draw, Renounce Religion


You were on level 8 of the Dungeon.
You worshipped Nemelex Xobeh.
Nemelex Xobeh was most pleased with you.
You were hungry.

You visited 1 branch of the dungeon, and saw 9 of its levels.

You collected 826 gold pieces.

Inventory:

Hand Weapons
 E - a +0 morningstar (weapon)
Armour
 c - a +1 shield (worn)
 d - a +0 cloak (worn)
 i - a +0 plate armour (worn)
 K - a +2 pair of gloves
Jewellery
 l - a ring of protection from fire (left hand)
 n - an amulet of faith (around neck)
 p - an uncursed amulet of guardian spirit
 v - the ring "Oheleosey" {Ice Int+3}
   (You found it on level 4 of the Dungeon)

   [ring of ice]

   It enhances your ice magic.
   It affects your intelligence (+3).
   It makes you vulnerable to fire.
   It protects you from cold.
 y - the ring "Ixtel" (right hand) {Int+3 SInv}
   (You found it on level 4 of the Dungeon)

   [ring of see invisible]

   It affects your intelligence (+3).
   It lets you see invisible.
 B - an uncursed amulet of the acrobat {unknown}
 D - the ring "Vust" {rPois Stlth-, unknown}
   (You found it on level 6 of the Dungeon)

   [ring of attention]

   It protects you from poison.
   It makes you less stealthy.
 G - an uncursed ring of flight {unknown}
Wands
 r - a wand of flame (35)
 z - a wand of polymorph (1)
 F - a wand of random effects (5)
 H - a wand of iceblast (4)
 I - a wand of acid (6)
Scrolls
 a - a scroll of fear {unknown}
 b - 17 scrolls of identify {unknown}
 e - 3 scrolls of remove curse
 g - 2 scrolls of noise
 j - 5 scrolls of teleportation
 m - 4 scrolls of magic mapping
 o - 2 scrolls of enchant armour
 A - a scroll of blinking {unknown}
 J - a scroll of enchant weapon {unknown}
Potions
 h - 3 potions of flight
 k - 3 potions of degeneration
 q - 2 potions of resistance {unknown}
 s - 2 potions of curing
 t - a potion of cancellation {unknown}
 u - 2 potions of magic {unknown}
 w - a potion of haste {unknown}
 x - a potion of mutation {unknown}
 C - 2 potions of brilliance {unknown}
Comestibles
 f - 10 rations {!d}
 L - 3 chunks of flesh


   Skills:
 + Level 8.5 Fighting
 * Level 10.4 Maces & Flails
 + Level 8.5 Armour
 + Level 8.6 Shields
 + Level 5.9 Invocations


You had 10 spell levels left.
You didn't know any spells.
Your spell library contained the following spells:

 Spells                   Type           Power        Failure   Level  Hunger
 Animate Skeleton         Necr           N/A          100%        1    ##.....
 Infusion                 Chrm           #.......     100%        1    ##.....
 Pain                     Necr           #.....       100%        1    ##.....
 Sting                    Conj/Pois      #...         100%        1    ##.....
 Summon Small Mammal      Summ           #...         100%        1    ##.....
 Call Imp                 Summ           #.....       100%        2    ###....
 Poisonous Vapours        Pois/Air       #.....       100%        2    ###....
 Song of Slaying          Chrm           #.......     100%        2    ###....
 Call Canine Familiar     Summ           #.......     100%        3    ####...
 Ignite Poison            Fire/Tmut/Pois #.......     100%        3    ####...
 Ozocubu's Armour         Chrm/Ice       #.......     100%        3    ####...
 Regeneration             Chrm/Necr      #.........   100%        3    ####...
 Spectral Weapon          Hex/Chrm       #.......     100%        3    ####...
 Vampiric Draining        Necr           #.........   100%        3    ####...
 Animate Dead             Necr           N/A          100%        4    #####..
 Olgreb's Toxic Radiance  Pois           #.......     100%        4    #####..
 Summon Ice Beast         Ice/Summ       #.......     100%        4    #####..
 Summon Scorpions         Summ/Pois      #.......     100%        4    #####..
 Bolt of Draining         Conj/Necr      #.........   100%        5    ######.
 Summon Lightning Spire   Summ/Air       #.......     100%        5    ######.
 Venom Bolt               Conj/Pois      #.........   100%        5    ######.


Dungeon Overview and Level Annotations

Branches:
Dungeon (9/12)             Temple (0/1) D:4            Lair (0/6) D:7
    Orc (0/1) D:8

Altars:
Ashenzari
Gozag
Nemelex Xobeh
Sif Muna
Trog
Zin

Shops:
D:4 ?

Annotations:
D:2 Sigmund
D:4 2 runed doors
D:8 exclusion: ice statue


Innate Abilities, Weirdness & Mutations

You are resistant to torment.
Your stone body is resilient. (AC +8)
You are immune to poison.
You resist negative energy. (rN+)
You are resistant to electric shocks. (rElec)
You can survive without breathing.
You are immune to petrification.
You are immune to rotting.


Message History

The six-headed hydra bites you but does no damage.
The centaur hits you but does no damage.
You climb upwards.
Level annotation: exclusion: ice statue
There is a stone staircase leading down here.
You puncture the centaur!
The centaur is almost dead.
The six-headed hydra bites you.
* * * LOW HITPOINT WARNING * * *
The six-headed hydra bites you but does no damage. x5
You block the centaur's attack.
The centaur hits you with a cursed -2 shortbow.
* * * LOW HITPOINT WARNING * * *
The six-headed hydra bites you but does no damage.
The six-headed hydra bites you.
* * * LOW HITPOINT WARNING * * *
The six-headed hydra bites you but does no damage.
The six-headed hydra bites you!
You die...
Your body glows slightly and disappears.

####.............# #.
##...[....###########.
#.....................
#..####.........######
#..####'#######.#
########## #..#........#
#.# .........#
#..#........# #.#
########.###..#Dc....<.#
#.#
...........#..#>@......#
#.######
.####....#.#..####'#####
#....... .# #....#.##.#
#.# #######.
.####....#.##.# #.#
#....... .........#.##.#
#.# #.......
##########.##.# #.#
#....... ....# #.##.#
#.# #....... ###.#
#.##.# #.# #######'##
#.# #..#.# #.# #.......#


You could see a six-headed hydra and a centaur.

Vanquished Creatures
  Erica (D:8)
  2 orc sorcerers (D:8)
  An orc knight (D:7)
  A deep elf mage (D:8)
  Joseph (D:8)
  A troll (D:6)
  Grinder (D:5)
  3 hippogriffs (D:6)
  A vampire (D:8)
  Grum (D:8)
  A fire bat (D:4)
  Duvessa (D:5)
  A crocodile (D:7)
  A black bear (D:7)
  A sky beast (D:5)
  An orc warrior (D:8)
  3 phantoms (D:8)
  3 wolves (D:8)
  5 ogres
  2 centaurs (D:8)
  4 bullfrogs
  A big kobold (D:8)
  Dowan (D:5)
  2 troll zombies (D:8)
  2 scorpions
  4 wights (D:7)
  4 killer bees (D:8)
  A howler monkey (D:6)
  2 bullfrog zombies
  2 centaur zombies
  4 crimson imps
  3 hounds
  6 jellies
  4 orc priests
  2 bullfrog skeletons
  An iguana (D:4)
  3 orc wizards
  4 worker ants
  Ijyb (D:5)
  4 ogre zombies (D:8)
  A hound zombie (D:7)
  A hound skeleton (D:6)
  A gnoll (D:6)
  12 adders
  A shadow imp (D:8)
  4 adder skeletons
  2 worms
  4 dart slugs
  A leopard gecko (D:1)
  14 orcs
  5 bats
  2 giant cockroaches
  7 goblins
  3 hobgoblins (D:1)
  23 jackals
  10 kobolds
  3 quokkas
  4 frilled lizards
  3 goblin skeletons (D:8)
  4 goblin zombies (D:8)
  A hobgoblin skeleton (D:8)
  A jackal skeleton (D:4)
  A leopard gecko skeleton (D:3)
  3 orc skeletons (D:8)
  8 orc zombies (D:8)
  A quokka skeleton (D:4)
  5 rats
212 creatures vanquished.

Vanquished Creatures (others)
  An orc (D:6)
  A jackal (D:6)
2 creatures vanquished.

Grand Total: 214 creatures vanquished

Notes
Turn   | Place    | Note
-------+----------+-------------------------------------------
     0 | D:1      | Mrkan the Gargoyle Fighter began the quest for the Orb.
     0 | D:1      | Reached XP level 1. HP: 14/14 MP: 1/1
   155 | D:1      | Reached XP level 2. HP: 19/19 MP: 2/2
   949 | D:2      | Reached XP level 3. HP: 2/23 MP: 3/3
   961 | D:2      | HP: 1/23 [jackal (2)]
  1529 | D:2      | Found a shimmering blue altar of Sif Muna.
  1554 | D:2      | Noticed Sigmund
  1662 | D:3      | Reached skill level 3 in Maces & Flails
  1662 | D:3      | Reached XP level 4. HP: 23/29 MP: 4/4
  2047 | D:3      | Found a sparkling altar of Nemelex Xobeh.
  2061 | D:3      | Became a worshipper of Nemelex Xobeh the Trickster
  2625 | D:4      | Found Voigemewn's Magic Scroll Emporium.
  2677 | D:4      | Reached XP level 5. HP: 29/33 MP: 5/5
  2855 | D:4      | Received a gift from Nemelex Xobeh
  2898 | D:4      | Found a large runed door.
  2902 | D:4      | Found a large runed door.
  2911 | D:4      | Found a large runed door.
  2911 | D:4      | Found a large runed door.
  2912 | D:4      | Noticed an ogre
  2961 | D:4      | Reached skill level 4 in Maces & Flails
  3104 | D:4      | Noticed an ogre
  3106 | D:4      | Noticed a fire bat
  3106 | D:4      | an ogre changed into a fire bat
  3164 | D:4      | Killed a fire bat
  3164 | D:4      | Reached XP level 6. HP: 28/39 MP: 6/6
  3259 | D:4      | Found a staircase to the Ecumenical Temple.
  3395 | D:4      | Reached XP level 7. HP: 41/44 MP: 7/7
  3434 | D:4      | Reached * piety under Nemelex Xobeh
  3446 | D:4      | Reached skill level 5 in Maces & Flails
  3446 | D:4      | Reached skill level 5 in Shields
  3793 | D:4      | Reached skill level 5 in Fighting
  3793 | D:4      | Reached skill level 5 in Armour
  3816 | D:4      | Got a warped turquoise ring
  4433 | D:4      | Got a coiled bone ring
  4557 | D:4      | Identified the ring "Oheleosey" {Ice Int+3} (You found it
                  | on level 4 of the Dungeon)
  4558 | D:4      | Identified the ring "Ixtel" {Int+3 SInv} (You found it on
                  | level 4 of the Dungeon)
  4644 | D:5      | Entered Level 5 of the Dungeon
  4677 | D:5      | Noticed Duvessa
  4679 | D:5      | Noticed Dowan
  4681 | D:5      | Noticed Ijyb
  4692 | D:5      | Killed Duvessa
  4692 | D:5      | Reached skill level 6 in Maces & Flails
  4692 | D:5      | Reached XP level 8. HP: 50/50 MP: 8/8
  4706 | D:5      | Killed Dowan
  4722 | D:5      | Killed Ijyb
  5113 | D:5      | Received a gift from Nemelex Xobeh
  5294 | D:5      | Found a shattered altar of Ashenzari.
  5476 | D:5      | Reached ** piety under Nemelex Xobeh
  5478 | D:5      | Noticed Grinder
  5482 | D:5      | Paralysed by Grinder for 4 turns
  5499 | D:5      | Paralysed by Grinder for 3 turns
  5513 | D:5      | Received a gift from Nemelex Xobeh
  5521 | D:5      | Killed Grinder
  5807 | D:6      | Reached skill level 7 in Maces & Flails
  5930 | D:6      | Noticed a hippogriff
  5942 | D:6      | Killed a hippogriff
  5942 | D:6      | Reached skill level 1 in Invocations
  5942 | D:6      | Reached XP level 9. HP: 31/55 MP: 8/10
  6542 | D:6      | Noticed a troll
  6551 | D:6      | Got a slimy tin ring
  6563 | D:6      | Killed a troll
  6563 | D:6      | Reached skill level 8 in Maces & Flails
  6882 | D:6      | Found a glowing silver altar of Zin.
  7296 | D:7      | Found a staircase to the Lair.
  7325 | D:7      | Reached *** piety under Nemelex Xobeh
  7357 | D:7      | Received a gift from Nemelex Xobeh
  7494 | D:7      | Reached XP level 10. HP: 41/63 MP: 12/12
  7936 | D:8      | Noticed a deep elf mage
  7949 | D:8      | Killed a deep elf mage
  7949 | D:8      | Reached skill level 9 in Maces & Flails
  8195 | D:8      | Noticed an orc knight
  8197 | D:8      | Noticed an orc sorcerer
  8197 | D:8      | Noticed an orc sorcerer
  8224 | D:8      | Noticed a rust devil
  8241 | D:7      | Killed an orc knight
  8502 | D:8      | Paralysed by an orc sorcerer for 4 turns
  8504 | D:8      | Noticed a rust devil
  8509 | D:8      | Killed an orc sorcerer
  8509 | D:8      | Paralysed by an orc sorcerer for 4 turns
  8518 | D:8      | Killed an orc sorcerer
  8687 | D:8      | Reached skill level 5 in Invocations
  8772 | D:8      | Found a staircase to the Orcish Mines.
  8882 | D:8      | Noticed Grum
  8914 | D:8      | Killed Grum
  8920 | D:8      | Reached skill level 10 in Maces & Flails
  9054 | D:8      | Received a gift from Nemelex Xobeh
  9134 | D:8      | Found a bloodstained altar of Trog.
  9225 | D:8      | Reached XP level 11. HP: 45/68 MP: 15/15
  9408 | D:8      | Noticed Joseph
  9419 | D:8      | Killed Joseph
  9761 | D:8      | Noticed Erica
  9793 | D:8      | Killed Erica
 10098 | D:9      | Found an opulent altar of Gozag.
 10099 | D:9      | Noticed a six-headed hydra
 10140 | D:8      | HP: 2/69 [six-headed hydra (6)]
 10140 | D:8      | Mangled by a six-headed hydra

Skill      XL: |  1  2  3  4  5  6  7  8  9 10 |
---------------+-------------------------------+-----
Maces & Flails | 3 4 6 7 8 10 | 10.4
Shields        | 4 5 6 7 8 |  8.6
Fighting       | 4 5 6 7 8 |  8.5
Armour         | 4 5 6 7 8 |  8.5
Invocations    | 1 3 5 |  5.9

Action                   |  1- 3 |  4- 6 |  7- 9 | 10-12 || total
-------------------------+-------+-------+-------+-------++-------
Melee: Flail             |   168 |   241 |   349 |       ||   758
       Unarmed           |       |       |     4 |       ||     4
       Morningstar       |       |       |    93 |   414 ||   507
 Abil: Draw Destruction  |       |     1 |     3 |     2 ||     6
       Draw Escape       |       |       |     1 |       ||     1
  Use: Potion            |     1 |       |     4 |     1 ||     6
       Scroll            |       |       |     5 |       ||     5
  Eat: Chunk             |     3 |     6 |    10 |     9 ||    28
       Ration            |       |       |     1 |       ||     1
Armor: Plate armour      |   231 |   200 |   330 |   370 ||  1131
       Scale mail        |     4 |       |       |       ||     4
Dodge: Dodged            |    38 |    49 |    80 |   107 ||   274
Block: Shield            |   133 |   154 |   288 |   357 ||   932
